 Dungeon Crawl Stone Soup version 0.31-a0-1620-gcbf77bbcfc (webtiles) character file.

Game seed: 5145181798708938491

104 kae the Firebug (level 4, -10/24 HPs)
             Began as a Tengu Fire Elementalist on Jan 11, 2024.
             Killed by divine providence
             ... invoked by an orc priest
              (14 damage)
             ... on level 3 of the Dungeon.
             The game lasted 00:02:41 (2121 turns).

kae the Firebug (Tengu Fire Elementalist)           Turns: 2121, Time: 00:02:42

Health: -10/24     AC:  3    Str:  8    XL:     4   Next: 80%
Magic:  3/8        EV: 11    Int: 17    God:
Gold:   108        SH:  0    Dex: 15    Spells: 2/8 levels left

rFire   . . .        (no weapon)
rCold   + + .        (no shield)
rNeg    . . .        d - +0 leather armour
rPois   .            (helmet restricted)
rElec   .            (no cloak)
rCorr   .            (no gloves)
SInv    .            (boots unavailable)
Will    .....        (no amulet)
Stlth   ++           C - ring of protection from cold
HPRegen 0.24/turn    c - ring of protection from cold
MPRegen 0.11/turn

%: acrobat
@: no status effects
A: beak, talons 3, acrobatic
a: no special abilities


You were on level 3 of the Dungeon.
You visited 1 branch of the dungeon, and saw 3 of its levels.

You collected 108 gold pieces.


Innate Abilities, Weirdness & Mutations

You have a beak for a mouth.
You have claws for feet.
You can magically evade attacks while moving or waiting.


   Skills:
 - Level 2.1 Dodging
 - Level 2.0 Stealth
 + Level 2.6 Spellcasting
 * Level 3.8 Conjurations
 * Level 4.4 Fire Magic


You had 2 spell levels left.
You knew the following spells:

 Your Spells              Type           Power      Damage    Failure   Level
a - Foxfire               Conj/Fire      64%        2x1d7     4%          1
b - Scorch                Fire           34%        2d6       6%          2
c - Inner Flame           Hex/Fire       9%         N/A       32%         3

Your spell library contained the following spells:

 Spells                   Type           Power      Damage    Failure   Level
 Necrotise                Necr           8%         1d4       26%         1
 Volatile Blastmotes      Fire/Tloc      18%        2d11      32%         3
 Dazzling Flash           Conj/Hex       16%        N/A       34%         3
 Mephitic Cloud           Conj/Alch/Air  6%         N/A       43%         3
 Flame Wave               Conj/Fire      16%        2d7       43%         4
 Vampiric Draining        Necr           2%         2d6       63%         3
 Fulminant Prism          Conj/Alch      4%         3d5       75%         4
 Iskenderun's Mystic Bla  Conj/Tloc      8%         2d4       75%         4
 Martyr's Knell           Necr/Summ      2%         N/A       95%         4
 Curse of Agony           Necr           2%         N/A       100%        5
 Silence                  Hex/Air        1%         N/A       100%        5
 Chain Lightning          Conj/Air       4%         3d5       100%        9
 Fire Storm               Conj/Fire      8%         8d2       100%        9
 Shatter                  Erth           1%         3d5*      100%        9

Inventory:

Missiles
 j - 33 stones
 l - a throwing net {=f!f}
Armour
 a - a +0 robe
 d - a +0 leather armour (worn)
   (You took it off a hobgoblin on level 1 of the Dungeon)
Jewellery
 c - a ring of protection from cold (right hand)
   (You took it off a goblin on level 2 of the Dungeon)
 C - a ring of protection from cold (left hand)
   (You found it on level 1 of the Dungeon)
Scrolls
 e - a scroll of revelation {unknown}
 i - a scroll of summoning {unknown}
Potions
 b - a potion of magic
 f - 2 potions of attraction {unknown}
 g - a potion of ambrosia {unknown}
 h - a potion of might {unknown}
 k - a potion of curing {unknown}

Dungeon Overview and Level Annotations

Branches:
Dungeon (3/15) Zot: 15877

Altars:
Fedhas

##.....).###.#.##....##.#
.........# #.#.......##.#
##.......###.####....##.#
#####............#####.#
#...###.####.# #.# #.).#
#.# #.## #.#
#######...###.####..# #.#
#.......v........##.####.#
#.##...ov@###.#####....#.#
##.o.oo.....#######.).#
#.#...###.........##.#
...................##..
...#.##..#...........+...
.....................####
...........##........#
..........###.......#
..........#.......#


You could see an orc priest, an orc wizard and 2 orcs.


Message History

You conjure some foxfire!
The foxfire hits the goblin.
You kill the goblin! 😎 MP[-1]
You lost 1 mp, and now have 7/8 mp.
Casting: Foxfire (safe; 4% risk of failure)
Confirm with . or Enter, or press ? or * to list all spells.
You conjure some foxfire! 😎 MP[-1]
You lost 1 mp, and now have 6/8 mp.
You see here a +0 dagger.
You see here a +0 dagger.
A dart slug is nearby!
A dart slug is nearby! 😎 MP[+2]
Your mp is fully restored (8).
A dart slug is nearby!
A dart slug is nearby!
Casting: Foxfire (safe; 4% risk of failure)
Confirm with . or Enter, or press ? or * to list all spells.
You conjure some foxfire!
The foxfire hits the dart slug. 😎 MP[-1]
You lost 1 mp, and now have 7/8 mp.
Casting: Foxfire (safe; 4% risk of failure)
Confirm with . or Enter, or press ? or * to list all spells.
You conjure some foxfire!
The foxfire hits the dart slug but does no damage. 😎 MP[-1]
You lost 1 mp, and now have 6/8 mp.
A dart slug is nearby!
Casting: Foxfire (safe; 4% risk of failure)
Confirm with . or Enter, or press ? or * to list all spells.
You conjure some foxfire!
The foxfire hits the dart slug.
You kill the dart slug! 😎 MP[-1]
You lost 1 mp, and now have 5/8 mp. 😎 MP[+3]
Your mp is fully restored (8).
An orc wizard is nearby!
An orc wizard is nearby!
An orc wizard is nearby!
Casting: Foxfire (safe; 4% risk of failure)
Confirm with . or Enter, or press ? or * to list all spells.
You conjure some foxfire!
The orc wizard shouts!
You hear a shout!
An orc priest comes into view. It is wielding a +0 hand axe.
The foxfire hits the orc wizard. 😎 MP[-1]
You lost 1 mp, and now have 7/8 mp.
Casting: Foxfire (safe; 4% risk of failure)
Confirm with . or Enter, or press ? or * to list all spells.
You conjure some foxfire!
The foxfire hits the orc wizard.
The foxfire hits the orc wizard.
An orc comes into view. It is wielding a +0 dagger.
The foxfire hits the orc wizard. 😎 MP[-1]
You lost 1 mp, and now have 6/8 mp.
Casting: Foxfire (safe; 4% risk of failure)
Confirm with . or Enter, or press ? or * to list all spells.
You conjure some foxfire!
The orc priest mumbles some strange prayers to Beogh against you.
Beogh smites you!
The foxfire hits the orc priest.
The foxfire hits the orc wizard.
The orc priest calls upon Beogh to heal the orc wizard.
The orc wizard is healed somewhat. 😮 HP[-10] MP[-1]
You take 10 damage, and now have 14/24 hp.
MASSIVE DAMAGE!! (PAUSE)
You lost 1 mp, and now have 5/8 mp.
Casting: Foxfire (safe; 4% risk of failure)
Confirm with . or Enter, or press ? or * to list all spells.
You conjure some foxfire!
The orc priest invokes the aid of Beogh against you.
Pain shoots through your body!
* * * LOW HITPOINT WARNING * * *
An orc comes into view. It is wielding a +0 mace.
The foxfire hits the orc wizard but does no damage.
The foxfire hits the orc wizard.
The orc wizard points at you and mumbles some strange words.
You resist with some effort.
Casting: Foxfire (safe; 4% risk of failure)
Confirm with . or Enter, or press ? or * to list all spells.
You conjure some foxfire!
The orc wizard points at you and mumbles some strange words.
You resist with some effort.
The foxfire hits the orc priest but does no damage.
The foxfire hits the orc priest.
The orc wizard misses you. 😱 HP[-10] MP[-1]
You take 10 damage, and now have 4/24 hp.
MASSIVE DAMAGE!! (PAUSE)
You lost 1 mp, and now have 4/8 mp.
Casting: Foxfire (safe; 4% risk of failure)
Confirm with . or Enter, or press ? or * to list all spells.
You conjure some foxfire!
The orc priest invokes the aid of Beogh against you.
Beogh smites you!
Ouch! That really hurt!
You die...

Skill      XL: |  1  2  3 |
---------------+----------+-----
Conjurations   | 2 3 |  3.8
Fire Magic     | 4 |  4.4
Dodging        | |  2.1
Stealth        | |  2.0
Spellcasting   | |  2.6

Action                     |  1- 3 |  4- 6 || total
---------------------------+-------+-------++-------
  Melee: Unarmed           |    22 |     3 ||    25
         Kick              |     7 |       ||     7
         Peck              |     4 |       ||     4
         Punch             |     1 |       ||     1
   Cast: Foxfire           |    60 |    44 ||   104
    Use: Scroll            |       |     3 ||     3
 Armour: Leather armour    |    24 |     4 ||    28
         Robe              |     4 |       ||     4
  Dodge: Dodged            |    51 |    15 ||    66

Levels and vault maps discovered:
D:1:      spicycebolla_green_bress_n_ham_2, layout_basic, minivault_24,
          minmay_pentomino_w2
D:2:      layout_rooms
D:3:      layout_basic, nicolae_overflow_crystal_walls, roderic_serpentine_path

Notes
Turn   | Place    | Note
-------+----------+-------------------------------------------
     0 | D:1      | kae the Tengu Fire Elementalist began the quest for the
                  | Orb.
     0 | D:1      | Reached XP level 1. HP: 10/10 MP: 4/4
     0 | D:1      | magus.rc [v1.11.3]
   110 | D:1      | You pick up a book of Annihilations and begin reading...
   110 | D:1      | You add the spells Chain Lightning, Fire Storm and Shatter
                  | to your library.
   146 | D:1      | Reached skill level 2 in Conjurations
   146 | D:1      | Reached XP level 2. HP: 14/15 MP: 0/6
   277 | D:1      | Learned a level 2 spell: Scorch
   450 | D:1      | Reached XP level 3. HP: 19/19 MP: 3/7
   533 | D:1      | You pick up a book of Blasting and begin reading...
   533 | D:1      | You add the spells Fulminant Prism and Iskenderun's Mystic
                  | Blast to your library.
   751 | D:2      | Reached skill level 3 in Conjurations
   809 | D:2      | Reached skill level 4 in Fire Magic
  1245 | D:2      | Reached XP level 4. HP: 24/24 MP: 6/8
  1350 | D:2      | You pick up a book of Necromancy and begin reading...
  1350 | D:2      | You add the spells Necrotise, Vampiric Draining, Martyr's
                  | Knell and Curse of Agony to your library.
  1663 | D:3      | Found a blossoming altar of Fedhas.
  1917 | D:3      | Learned a level 3 spell: Inner Flame
  1944 | D:3      | You pick up a book of the Senses and begin reading...
  1944 | D:3      | You add the spells Dazzling Flash, Mephitic Cloud and
                  | Silence to your library.
  2117 | D:3      | HP: 3/24 [orc priest/nerve-wracking pain (11)]
  2121 | D:3      | Killed from afar by an orc priest

Vanquished Creatures
  2 adders
  2 gnolls (D:3)
  A dart slug (D:3)
  An orc (D:3)
  5 endoplasms
  A giant cockroach (D:1)
  8 goblins
  7 hobgoblins
  3 jackals (D:1)
  7 kobolds
  3 quokkas (D:2)
  3 ball pythons
  5 bats
  3 frilled lizards
  8 rats
59 creatures vanquished.

Vanquished Creatures (others)
  182 foxfires
182 creatures vanquished.

Grand Total: 241 creatures vanquished

Table legend:
 A = Non-vault XP
 B = Vault XP
 C = Vault XP percentage of total XP
 D = Non-vault monster count
 E = Vault monster count
 F = Vault count percentage of total count
                 A         B        C        D         E       F
            +---------+---------+-------+---------+---------+-------
      Total |     145 |       4 |   2.7 |      57 |       2 |   3.4
            +---------+---------+-------+---------+---------+-------
        D:1 |      36 |       4 |  10.0 |      22 |       2 |   8.3
        D:2 |      49 |       0 |   0.0 |      22 |       0 |   0.0
        D:3 |      60 |       0 |   0.0 |      13 |       0 |   0.0
            +---------+---------+-------+---------+---------+-------

Skill      XL: |  1  2  3 |
---------------+----------+-----
Conjurations   | 2 3 |  3.8
Fire Magic     | 4 |  4.4
Dodging        | |  2.1
Stealth        | |  2.0
Spellcasting   | |  2.6

Action                     |  1- 3 |  4- 6 || total
---------------------------+-------+-------++-------
  Melee: Unarmed           |    22 |     3 ||    25
         Kick              |     7 |       ||     7
         Peck              |     4 |       ||     4
         Punch             |     1 |       ||     1
   Cast: Foxfire           |    60 |    44 ||   104
    Use: Scroll            |       |     3 ||     3
 Armour: Leather armour    |    24 |     4 ||    28
         Robe              |     4 |       ||     4
  Dodge: Dodged            |    51 |    15 ||    66

Illustrated notes

Table legend:
 A = Kills in this place as a percentage of kills in the entire game.
 B = Kills by you in this place as a percentage of kills by you in the entire game.
 C = Kills by friends in this place as a percentage of kills by friends in the entire game.
 D = Other kills in this place as a percentage of other kills in the entire game.
 E = Experience gained in this place as a percentage of experience gained in the entire game.
 F = Experience gained in this place divided by the number of levels of this place that you have seen.
                   A       B       C       D       E      F
               +-------+-------+-------+-------+-------+----------------------
         Total | 100.0 | 100.0 |   N/A |   N/A | 100.0 |  49.7
       Dungeon | 100.0 | 100.0 |   N/A |   N/A | 100.0 |  49.7
               +-------+-------+-------+-------+-------+----------------------

Table legend: (Time is in decaauts)
 A = Elapsed time spent in this place.
 B = Non-inter-level travel time spent in this place.
 C = Inter-level travel time spent in this place.
 D = Time resting spent in this place.
 E = Time spent auto-exploring this place.
 F = Levels seen in this place.
 G = Mean time per level.
                   A        B        C        D        E       F      G
               +--------+--------+--------+--------+--------+-----+--------+
         Total |   2121 |   2069 |     52 |      6 |   1670 |   3 |  707.0 |
       Dungeon |   2121 |   2069 |     52 |      6 |   1670 |   3 |  707.0 |
               +--------+--------+--------+--------+--------+-----+--------+

Top non-repeatable levels by time:
     D:2: 839 daAuts
     D:1: 741 daAuts
     D:3: 541 daAuts
